 Dungeon Crawl Stone Soup version 0.21.1-1-g345015f (webtiles) character file.

8290 Fang the Cleaver (level 11, -5/106 HPs)
             Began as a Gargoyle Berserker on May 22, 2018.
             Was a High Priest of Trog.
             Slain by a 19-headed hydra (8 damage)
             ... on level 9 of the Dungeon.
             The game lasted 00:15:26 (9858 turns).

Fang the Cleaver (Gargoyle Berserker)               Turns: 9858, Time: 00:15:27

Health: -5/106     AC: 14    Str: 29    XL:     11   Next: 28%
Magic:  11/11      EV: 15    Int:  8    God:    Trog [*****.]
Gold:   535        SH:  5    Dex:  9    Spells: 10/10 levels left

rFire    . . .     SeeInvis +   k - +3 hand axe
rCold    . . .     Gourm    .   (no shield)
rNeg     + . .     Faith    .   w - +2 robe {MR+}
rPois    ∞         Spirit   .   a - +2 hat {SInv}
rElec    +         Reflect  +   (no cloak)
rCorr    .         Harm     .   (no gloves)
MR       ++...                  (no boots)
Stlth    ..........             n - +5 amulet of reflection
HPRegen  0.27/turn              x - ring of protection from magic
MPRegen  0.12/turn              (no ring)

@: berserking (expiring), very quick
A: negative energy resistance 1, electricity resistance, unbreathing,
petrification resistance, rot immunity, AC +8
a: Berserk, Trog's Hand, Brothers in Arms, Burn Spellbooks, Renounce Religion


You were on level 9 of the Dungeon.
You worshipped Trog.
Trog was extremely pleased with you.
You were very hungry.

You visited 2 branches of the dungeon, and saw 10 of its levels.

You collected 535 gold pieces.

Inventory:

Hand Weapons
 d - a +2 spear of venom
 k - a +3 hand axe (weapon)
Armour
 a - a +2 hat of see invisible (worn)
 w - a +2 robe of magic resistance (worn)
Jewellery
 n - a +5 amulet of reflection (around neck)
 x - a ring of protection from magic (left hand)
 z - an uncursed ring of protection from cold {unknown}
Wands
 m - a wand of acid (14)
 q - a wand of random effects (60)
 r - a wand of flame (31)
 s - a wand of clouds (2)
Scrolls
 b - a scroll of enchant armour
 f - 4 scrolls of identify
 i - 2 scrolls of blinking
 l - 4 scrolls of teleportation
 t - 2 scrolls of magic mapping
 u - 2 scrolls of remove curse
 v - 3 scrolls of summoning
Potions
 e - 3 potions of brilliance
 g - 4 potions of might
 h - 3 potions of heal wounds
 j - 2 potions of ambrosia
 o - 4 potions of curing
 p - 2 potions of haste
Books
 y - a book of Beasts

   Spells                             Type                      Level
   a - Summon Butterflies             Summoning                    1
   b - Call Canine Familiar           Summoning                    3
   c - Summon Ice Beast               Ice/Summoning                4
   d - Summon Mana Viper              Hexes/Summoning              5
   e - Summon Hydra                   Summoning                    7
   Trog disapproves of the use of such an item.
Comestibles
 c - 23 rations


   Skills:
 + Level 9.5 Fighting
 + Level 11.4 Axes
 + Level 2.2 Armour
 + Level 7.1 Dodging
 + Level 4.3 Stealth


You had 10 spell levels left.
You didn't know any spells.

Dungeon Overview and Level Annotations

Branches:
Dungeon (9/15)             Temple (0/1) D:6            Lair (1/6) D:8
    Orc: D:9-12

Altars:
Ashenzari
Dithmenos
Fedhas
Gozag
Hepliaklqana
Okawaru
Trog
Vehumet
Wu Jian
Zin

Shops:
D:4 *   D:7 *

Annotations:
D:4 2 transporters
D:9 2 transporters


Innate Abilities, Weirdness & Mutations

You are resistant to torment.
Your stone body is resilient. (AC +8)
You are immune to poison.
You resist negative energy. (rN+)
You are resistant to electric shocks. (rElec)
You can survive without breathing.
You are immune to petrification.
You are immune to rotting.


Message History

The 19-headed hydra closely misses you. The 19-headed hydra barely misses you.
The 19-headed hydra closely misses you. The 19-headed hydra misses you.
The 19-headed hydra barely misses you.
The 19-headed hydra bites you but does no damage. x2
You block the 19-headed hydra's attack. The 19-headed hydra bites you!
* * * LOW HITPOINT WARNING * * *
The 19-headed hydra bites you but does no damage.
You lop one of the 19-headed hydra's heads off!
The 18-headed hydra grows two more!
You slash the 20-headed hydra!
The 20-headed hydra is heavily wounded.
Unknown command.
You chop one of the 20-headed hydra's heads off!
You slash the 19-headed hydra!
The 19-headed hydra is severely wounded.
You block the 19-headed hydra's attack. The 19-headed hydra closely misses you.
The 19-headed hydra bites you but does no damage.
The 19-headed hydra barely misses you.
The 19-headed hydra bites you but does no damage. x2
The 19-headed hydra bites you!
You die...

.##.#..#..#
..........#
#####'#####
#.........#
#.######..# ##
#.#.###.#.# ##.## ##
#.##.#.##.# ##)=)##:#
+. ##÷## .+##.:#D.$#+
#.##.#.##.#.##)|@##.#
#.#.###.#.##.##.##.##
#..######.# #.###.##
#........(# #.#.##
#####'##### ###'###
..........###.....##
########..##.......#
#..#...#.#...#
#..#..##.##..#


You could see a 19-headed hydra.

Vanquished Creatures
  Gastronok (D:8)
  Erica (D:8)
  A two-headed ogre (Lair:1)
  A flayed ghost (D:9)
  A troll (D:8)
  A hippogriff (D:8)
  The ghost of Fang the Skirmisher, an amateur GrBe of Trog (D:4)
  Grum (D:8)
  A hungry ghost (D:8)
  A water moccasin (Lair:1)
  3 sky beasts
  Duvessa (D:5)
  2 orc warriors (D:6)
  3 ice beasts
  A phantom (D:5)
  A necrophage (D:7)
  5 ogres
  A centaur (D:8)
  5 wolves (D:8)
  3 bullfrogs
  Dowan (D:5)
  A howler monkey (D:5)
  An electric eel (D:8)
  2 crimson imps
  A quasit (D:8)
  7 hounds
  3 orc priests
  6 jellies
  3 bullfrog skeletons
  5 gnoll shamans (D:5)
  3 orc wizards
  2 centaur skeletons
  Jessica (D:3)
  4 iguanas
  4 worker ants
  A hound skeleton (D:4)
  A howler monkey zombie (D:6)
  10 adders
  30 gnolls
  A shadow imp (D:7)
  6 oozes
  6 worms
  A dart slug (D:1)
  6 leopard geckos
  20 orcs
  4 ball pythons
  8 giant cockroaches
  6 goblins
  10 hobgoblins
  41 jackals
  8 kobolds
  6 quokkas
  7 bats
  2 frilled lizards
  3 jackal skeletons
  A leopard gecko skeleton (D:9)
  A leopard gecko zombie (D:6)
  A quokka skeleton (D:4)
  7 rats
266 creatures vanquished.

Notes
Turn   | Place    | Note
-------+----------+-------------------------------------------
     0 | D:1      | Fang the Gargoyle Berserker began the quest for the Orb.
     0 | D:1      | Reached XP level 1. HP: 14/14 MP: 1/1
    24 | D:1      | Reached XP level 2. HP: 9/19 MP: 2/2
    78 | D:1      | Reached skill level 3 in Axes
   661 | D:1      | Reached XP level 3. HP: 17/24 MP: 3/3
   978 | D:2      | Reached ** piety under Trog
  1278 | D:2      | Found a hazy altar of Hepliaklqana.
  1302 | D:2      | Reached XP level 4. HP: 13/29 MP: 4/4
  1776 | D:3      | Noticed Jessica
  1785 | D:3      | Killed Jessica
  1785 | D:3      | Reached skill level 1 in Stealth
  1785 | D:3      | Reached XP level 5. HP: 34/34 MP: 5/5
  2016 | D:3      | Reached skill level 4 in Axes
  2104 | D:3      | Found an ornate altar of the Wu Jian Council.
  2398 | D:4      | Found Gubolist's General Store.
  2406 | D:4      | Reached *** piety under Trog
  2450 | D:4      | Found a transporter.
  2537 | D:4      | Found a transporter.
  2566 | D:4      | Noticed an ice beast
  2566 | D:4      | Noticed an ice beast
  2567 | D:4      | Noticed an ice beast
  2696 | D:4      | Noticed Fang's ghost (amateur GrBe)
  2707 | D:4      | Killed Fang's ghost
  2707 | D:4      | Reached XP level 6. HP: 12/40 MP: 6/6
  3396 | D:5      | Entered Level 5 of the Dungeon
  3404 | D:5      | Reached skill level 5 in Axes
  3406 | D:5      | Found an iron altar of Okawaru.
  3420 | D:5      | HP: 3/60 [bullfrog skeleton (5)]
  3421 | D:5      | Reached skill level 5 in Fighting
  3421 | D:5      | Reached XP level 7. HP: 3/44 MP: 7/7
  3762 | D:5      | Noticed Duvessa
  3767 | D:5      | Noticed Dowan
  3779 | D:5      | Killed Duvessa
  3798 | D:5      | Killed Dowan
  3798 | D:5      | Reached skill level 6 in Axes
  3848 | D:5      | Reached XP level 8. HP: 50/50 MP: 8/8
  4389 | D:5      | Reached **** piety under Trog
  4569 | D:5      | Reached skill level 7 in Axes
  5307 | D:5      | Reached XP level 9. HP: 42/56 MP: 9/9
  5431 | D:5      | Found a shadowy altar of Dithmenos.
  6028 | D:6      | Found a radiant altar of Vehumet.
  6040 | D:6      | Reached skill level 8 in Axes
  6059 | D:6      | Reached ***** piety under Trog
  6432 | D:6      | Reached skill level 5 in Dodging
  6881 | D:6      | Found a glowing silver altar of Zin.
  7061 | D:6      | Found a staircase to the Ecumenical Temple.
  7363 | D:7      | Found Kava's Assorted Antiques.
  7416 | D:7      | Received a gift from Trog
  7530 | D:7      | Found a shattered altar of Ashenzari.
  7631 | D:7      | Reached skill level 9 in Axes
  8002 | D:8      | Found a blossoming altar of Fedhas.
  8018 | D:8      | Found an iron altar of Okawaru.
  8022 | D:8      | Noticed Grum
  8047 | D:8      | Killed Grum
  8047 | D:8      | Reached XP level 10. HP: 64/64 MP: 10/10
  8277 | D:8      | Found an opulent altar of Gozag.
  8288 | D:8      | Paralysed by fainting for 7 turns
  8396 | D:8      | Noticed Erica
  8399 | D:8      | Noticed a moth of wrath
  8407 | D:8      | Killed Erica
  8407 | D:8      | Reached skill level 10 in Axes
  8451 | D:8      | Found a bloodstained altar of Trog.
  8904 | D:8      | Found a staircase to the Lair.
  8960 | D:8      | Noticed Gastronok
  8977 | D:8      | Noticed a two-headed ogre
  8994 | Lair:1   | Entered Level 1 of the Lair of Beasts
  9000 | Lair:1   | Killed a two-headed ogre
  9028 | Lair:1   | Noticed a black mamba
  9293 | D:8      | Killed Gastronok
  9293 | D:8      | Reached skill level 11 in Axes
  9293 | D:8      | Reached XP level 11. HP: 71/71 MP: 11/11
  9658 | D:9      | Noticed a two-headed ogre
  9661 | D:9      | Found a shadowy altar of Dithmenos.
  9662 | D:9      | Found a transporter.
  9667 | D:9      | Found a glowing silver altar of Zin.
  9680 | D:9      | Found a transporter.
  9838 | D:9      | Noticed a seven-headed hydra
  9839 | D:9      | Noticed a flayed ghost
  9856 | D:9      | Killed a flayed ghost
  9856 | D:9      | HP: 3/106 [19-headed hydra (11)]
  9858 | D:9      | Slain by a 19-headed hydra

Skill      XL: |  1  2  3  4  5  6  7  8  9 10 |
---------------+-------------------------------+-----
Axes           | 3 4 5 6 7 9 11 | 11.4
Fighting       | 4 5 6 7 9 |  9.5
Dodging        | 2 3 4 5 7 |  7.1
Stealth        | 1 2 3 4 |  4.3
Armour         | |  2.2

Action                   |  1- 3 |  4- 6 |  7- 9 | 10-12 || total
-------------------------+-------+-------+-------+-------++-------
Melee: Hand axe          |   120 |   192 |   543 |   203 ||  1058
Invok: Berserk           |       |     3 |    10 |     5 ||    18
       Burn Spellbooks   |       |     1 |     1 |       ||     2
  Use: Potion            |       |     2 |     1 |       ||     3
       Scroll            |       |     9 |     4 |     4 ||    17
 Stab: Sleeping          |     2 |       |       |     3 ||     5
       Distracted        |       |       |     1 |       ||     1
  Eat: Chunk             |     1 |     5 |    22 |     6 ||    34
       Ration            |       |     1 |     1 |     2 ||     4
Armor: Animal skin       |    30 |    74 |   146 |    19 ||   269
       Skin              |       |     4 |       |       ||     4
       Robe              |       |       |       |    78 ||    78
Dodge: Dodged            |    92 |   128 |   311 |   181 ||   712
Block: Other             |       |     3 |   123 |    46 ||   172
       Reflection        |       |       |     1 |       ||     1
